 Dungeon Crawl Stone Soup version 0.28.0-47-ge53b351184 (webtiles) character file.

Game seed: 9133272994031974299

107 NinjaNoafa the Skirmisher (level 4, 0/36 HPs)
             Began as a Minotaur Monk on May 2, 2022.
             Succumbed to Crazy Yiuf's poison
             ... on level 2 of the Dungeon.
             The game lasted 00:02:30 (2560 turns).

NinjaNoafa the Skirmisher (Minotaur Monk)           Turns: 2560, Time: 00:02:30

Health: 0/36       AC:  6    Str: 18    XL:     4   Next: 56%
Magic:  3/3        EV: 10    Int:  7    God:
Gold:   63         SH:  0    Dex: 12    Spells: 3/3 levels left

rFire   . . .      SeeInvis .   a - +0 hand axe
rCold   . . .      Faith    +   (no shield)
rNeg    + . .      Spirit   .   d - +0 scale mail
rPois   .          Reflect  .   (helmet restricted)
rElec   .          Harm     .   (no cloak)
rCorr   .          Rampage  .   (no gloves)
Will    .....                   (no boots)
Stlth   ..........              f - amulet of faith
HPRegen 0.12/turn               b - ring of positive energy
MPRegen 0.08/turn               (no ring)

@: lethally poisoned (0 -> -5)
A: horns 2, retaliatory headbutt, frail 1
a: no special abilities


You were on level 2 of the Dungeon.
You visited 1 branch of the dungeon, and saw 2 of its levels.

You collected 63 gold pieces.

Inventory:

Hand Weapons
 a - a +0 hand axe (weapon)
Missiles
 c - 118 stones (quivered)
Armour
 d - a +0 scale mail (worn)
Jewellery
 b - a ring of positive energy (left hand)
 f - an amulet of faith (around neck)


   Skills:
 + Level 4.5 Fighting
 + Level 4.4 Axes
 * Level 3.5 Armour
 - Level 3.2 Dodging
 - Level 1.5 Stealth


You had 3 spell levels left.
You didn't know any spells.
Your spell library contained the following spells:

 Spells                   Type           Power      Damage    Failure   Level
 Summon Small Mammal      Summ           0%         N/A       82%         1
 Sublimation of Blood     Necr           0%         N/A       91%         2
 Call Canine Familiar     Summ           0%         N/A       99%         3
 Summon Guardian Golem    Hex/Summ       0%         N/A       99%         3
 Petrify                  Tmut/Erth      0%         N/A       100%        4
 Irradiate                Conj/Tmut      0%         3d13      100%        5


Dungeon Overview and Level Annotations

Branches:
Dungeon (2/15)

Altars:

Annotations:
D:2 Crazy Yiuf


Innate Abilities, Weirdness & Mutations

You have a pair of horns on your head.
You reflexively headbutt those who attack you in melee.
You are frail. (-10% HP)


Message History

The kobold barely misses you. You furiously retaliate!
You headbutt the kobold!
You kill the kobold!
You see here a +0 dagger.
You see here a +0 dagger.
Items here: )) รทรท.
You see here a +0 whip.
Key pressed, stopping explore.
There is a stone staircase leading up here.
There is an open door here.
You now have 63 gold pieces (gained 2).
Okay, then.
Could not explore, unopened runed door.
Could not explore, unopened runed door.
It was a potion of cancellation.
You feel magically purged.
It was a potion of mutation.
You feel extremely strange.
You feel frail.
As you read the scroll labelled SISAOST UNYPS, it crumbles to dust.
It is a scroll of identify.
You don't have any unidentified items.
Unknown command.
You open the door.
Crazy Yiuf hits you with a +2 quarterstaff of chaos!
You are poisoned.
You closely miss Crazy Yiuf. You headbutt Crazy Yiuf!
Crazy Yiuf is heavily wounded.
You feel very sick.
Crazy Yiuf hits you with a +2 quarterstaff of chaos!
You are lethally poisoned!
* * * LOW HITPOINT WARNING * * *
You feel very sick.
* * * LOW HITPOINT WARNING * * *
You feel very sick.
* * * LOW HITPOINT WARNING * * *
You feel sick.
Unknown command.
* * * LOW HITPOINT WARNING * * *
You feel sick.
* * * LOW HITPOINT WARNING * * *
You feel sick.
You die...

### #####
#.####...##
#.........#
#.####....#
##########.#
##..##
.........#.#
#.@.P#
########.#.#
#..P##
...........#
##g##
###........#
#.## #
#.####.#.#
##.# # #.#
#.#.# #.## #
#.####.#.#
##.# #
#.##.....#
#'# #
#.##.#.####
...


You could see Crazy Yiuf.

Vanquished Creatures
  3 gnolls (D:2)
  2 adders (D:2)
  2 worms (D:2)
  An adder skeleton (D:2)
  3 dart slugs
  A bat (D:1)
  8 endoplasms
  3 giant cockroaches
  4 goblins
  4 hobgoblins (D:1)
  3 kobolds (D:2)
  4 ball pythons
  2 frilled lizards
  4 rats
44 creatures vanquished.

Notes
Turn   | Place    | Note
-------+----------+-------------------------------------------
     0 | D:1      | NinjaNoafa the Minotaur Monk began the quest for the Orb.
     0 | D:1      | Reached XP level 1. HP: 19/19 MP: 0/0
   226 | D:1      | Reached skill level 1 in Armour
   289 | D:1      | Reached XP level 2. HP: 20/27 MP: 1/1
  1034 | D:2      | Reached XP level 3. HP: 33/33 MP: 2/2
  1998 | D:2      | Found a runed translucent door.
  1999 | D:2      | Noticed Crazy Yiuf
  2044 | D:2      | Reached XP level 4. HP: 37/41 MP: 3/3
  2551 | D:2      | Gained mutation: You are frail. (-10% HP) [potion of
                  | mutation]
  2559 | D:2      | HP: 1/36 [poisoned by Crazy Yiuf]
  2560 | D:2      | Succumbed to Crazy Yiuf's poison

Illustrated notes

Levels and vault maps discovered:
D:1:      onia_arrival_handbag, layout_basic
D:2:      layout_basic, uniq_crazy_yiuf_cottage

Skill      XL: |  1  2  3 |
---------------+----------+-----
Armour         | 1 2 3 |  3.5
Axes           | 4 |  4.4
Fighting       | 4 |  4.5
Dodging        | |  3.2
Stealth        | |  1.5

Action                   |  1- 3 |  4- 6 || total
-------------------------+-------+-------++-------
Melee: Hand axe          |    90 |    16 ||   106
       Headbutt          |    16 |     5 ||    21
  Use: Potion            |       |     2 ||     2
       Scroll            |       |     1 ||     1
 Stab: Sleeping          |     1 |       ||     1
Armor: Scale mail        |    32 |     5 ||    37
Dodge: Dodged            |    40 |     4 ||    44
